 Dungeon Crawl Stone Soup version 0.26.1-11-gd32895ea62 (webtiles) character file.

Game seed: 6178361203129300501

161 Gerhazo the Conjurer (level 5, -1/38 HPs)
             Began as a Draconian Conjurer on May 31, 2021.
             Slain by a lemure (5 damage)
             ... led by Pikel
             ... on level 4 of the Dungeon.
             The game lasted 00:04:22 (2510 turns).

Gerhazo the Conjurer (Draconian Conjurer)           Turns: 2510, Time: 00:04:22

Health: -1/38      AC:  7    Str:  9    XL:     5   Next: 19%
Magic:  2/9        EV: 12    Int: 20    God:
Gold:   143        SH:  0    Dex:  9    Spells: 7/10 levels left

rFire    . . .     SeeInvis .   k - +3 quarterstaff (chaos)
rCold    . . .     Faith    .   (shield currently unavailable)
rNeg     . . .     Spirit   .   (armour unavailable)
rPois    .         Reflect  .   (helmet restricted)
rElec    .         Harm     .   l - +0 cloak
rCorr    .         Rampage  .   b - +0 pair of gloves (curse)
Will     .....                  (no boots)
Stlth    ++........             (no amulet)
HPRegen  0.12/turn              g - ring of wizardry
MPRegen  0.11/turn              (no ring)

@: no status effects
A: unfitting armour, cold-blooded, AC +5
a: no special abilities


You were on level 4 of the Dungeon.
You visited 1 branch of the dungeon, and saw 4 of its levels.

You collected 143 gold pieces.

Inventory:

Hand Weapons
 k - a +3 quarterstaff of chaos (weapon)
Armour
 b - a cursed +0 pair of gloves (worn)
 l - a +0 cloak (worn)
Jewellery
 g - a ring of wizardry (left hand)
Wands
 m - a wand of paralysis (2)
Scrolls
 c - 5 scrolls of identify {unknown}
 d - a scroll of teleportation {unknown}
 e - a scroll of magic mapping {unknown}
 j - a scroll of fear {unknown}
Potions
 a - a potion of attraction {unknown}
 f - a potion of mutation {unknown}
 h - a potion of resistance {unknown}
 i - 2 potions of curing {unknown}


   Skills:
 - Level 1.7 Dodging
 - Level 1.7 Stealth
 + Level 3.2 Spellcasting
 * Level 5.8 Conjurations


You had 7 spell levels left.
You knew the following spells:

 Your Spells              Type           Power        Failure   Level
a - Magic Dart            Conj           100%         1%          1
b - Searing Ray           Conj           52%          1%          2

Your spell library contained the following spells:

 Spells                   Type           Power        Failure   Level
 Dazzling Flash           Conj/Hex       28%          5%          3
 Animate Skeleton         Necr           6%           6%          1
 Apportation              Tloc           6%           6%          1
 Corona                   Hex            3%           6%          1
 Summon Small Mammal      Summ           12%          6%          1
 Fulminant Prism          Conj/Hex       7%           16%         4
 Iskenderun's Mystic Bla  Conj/Tloc      14%          16%         4


Dungeon Overview and Level Annotations

Branches:
Dungeon (4/15)
 Temple: D:4-7

Altars:

Annotations:
D:4 Pikel


Innate Abilities, Weirdness & Mutations

Your plain brown scales are hard. (AC +5)
You cannot fit into any form of body armour.
You are cold-blooded and may be slowed by cold attacks.


Message History

* * * LOW HITPOINT WARNING * * *
You closely miss the lemure.
The lemure is almost dead.
The lemure barely misses you.
You hit the lemure but do no damage.
The lemure seems to slow down.
The lemure is almost dead.
The lemure hits you.
* * * LOW HITPOINT WARNING * * *
Unknown command.
You closely miss the lemure.
The lemure is almost dead.
The lemure hits you.
* * * LOW HITPOINT WARNING * * *
You closely miss the lemure.
Your tail-slap misses the lemure.
The lemure is almost dead.
The lemure barely misses you.
You hit the lemure but do no damage.
The lemure is almost dead.
The lemure hits you.
You die...

##......#.....
##.....#.....
#.....#.....
#...........
#.....###...
#......#..##
#####
#......(....
#..)#
##...<.##.##
#.@.#
#...#.#####
#.5.# #..####
##'## #.##
♣♣.♣ #.# ♣.♣♣
#.# ♣♣.♣ #.#
♣.♣♣ #.# ♣♣.♣♣
#.# ♣..5♣♣ #5#


You could see a lemure (slow).

Vanquished Creatures
  2 lemures (D:4)
  2 centaur skeletons (D:4)
  Crazy Yiuf (D:4)
  A worker ant (D:4)
  An adder (D:4)
  A dart slug (D:1)
  2 leopard geckos
  2 orcs
  6 bats (D:1)
  3 giant cockroaches (D:1)
  6 goblins
  4 hobgoblins (D:1)
  4 jackals (D:1)
  2 ball pythons
  A frilled lizard (D:1)
  4 kobolds (D:1)
  2 rats
44 creatures vanquished.

Notes
Turn   | Place    | Note
-------+----------+-------------------------------------------
     0 | D:1      | Gerhazo the Draconian Conjurer began the quest for the Orb.
     0 | D:1      | Reached XP level 1. HP: 14/14 MP: 3/3
   316 | D:1      | Reached XP level 2. HP: 20/20 MP: 0/5
   376 | D:1      | Learned a level 2 spell: Searing Ray
  1129 | D:1      | Reached XP level 3. HP: 26/26 MP: 3/6
  1798 | D:4      | Reached skill level 5 in Conjurations
  1844 | D:4      | Reached XP level 4. HP: 11/33 MP: 1/8
  2306 | D:4      | Found a runed translucent door.
  2307 | D:4      | Noticed Crazy Yiuf
  2315 | D:4      | Killed Crazy Yiuf
  2316 | D:4      | Reached XP level 5. HP: 38/38 MP: 1/9
  2426 | D:4      | Noticed a lemure
  2427 | D:4      | Noticed a lemure
  2428 | D:4      | Noticed Pikel
  2429 | D:4      | Noticed a lemure
  2500 | D:4      | Killed a lemure
  2503 | D:4      | Killed a lemure
  2510 | D:4      | Slain by a lemure

Illustrated notes

Levels and vault maps discovered:
D:1:      minmay_arrival_pointy, layout_basic, minmay_distorted
D:2:      layout_loops_ring, lemuel_blue_sif_altar, tgw_fedhas
D:3:      layout_basic
D:4:      layout_cave_pools, minmay_mini_ossuary, uniq_pikel,
          uniq_crazy_yiuf_cottage

Skill      XL: |  1  2  3  4 |
---------------+-------------+-----
Conjurations   | 5 |  5.8
Spellcasting   | 3 |  3.2
Dodging        | |  1.7
Stealth        | |  1.7

Action                   |  1- 3 |  4- 6 || total
-------------------------+-------+-------++-------
Melee: Unarmed           |    17 |       ||    17
       Tailslap          |     2 |       ||     2
       Quarterstaff      |       |     8 ||     8
 Cast: Magic Dart        |    19 |       ||    19
       Searing Ray       |    23 |    12 ||    35
  Use: Potion            |     1 |       ||     1
Armor: Skin              |    12 |     7 ||    19
Dodge: Dodged            |    18 |    17 ||    35
